 Dungeon Sprint DCSS version 0.31-a0-1-g4198be8af4 (webtiles) character file.

Game seed: 3624712474842924972

6 123456 the Trooper (level 1, 0/22 HPs)
             Began as a Minotaur Fighter on May 2, 2023.
             Slain by a centaur (5 damage)
             ... in the Dungeon (Sprint IX: "|||||||||||||||||||||||||||||").
             The game lasted 00:00:06 (24 turns).

123456 the Trooper (Minotaur Fighter)                 Turns: 24, Time: 00:00:06

Health: 0/22       AC:  7    Str: 20    XL:     1   Next: 75%
Magic:  0/0        EV:  9    Int:  5    God:
Gold:   0          SH:  4    Dex:  9    Spells: 0/0 levels left

rFire   . . .        a - +0 flail
rCold   . . .        c - +0 buckler
rNeg    . . .        b - +0 scale mail
rPois   .            (helmet restricted)
rElec   .            (no cloak)
rCorr   .            (no gloves)
SInv    .            (no boots)
Will    .....        (no amulet) Stlth
                     (no ring)
HPRegen 0.23/turn    (no ring)
MPRegen 0.07/turn

%: no teleportation
@: no status effects
A: horns 2, retaliatory headbutt
a: no special abilities


You were in the Dungeon.
You visited 1 branch

Inventory:

Hand Weapons
 a - a +0 flail (weapon)
Armour
 b - a +0 scale mail (worn)
 c - a +0 buckler (worn)
Scrolls
 j - a scroll of blinking
Potions
 d - a potion of might
 e - a potion of curing
 f - a potion of heal wounds
 g - a potion of haste
 h - 2 potions of magic
 i - a potion of berserk rage


   Skills:
 * Level 4.4 Fighting
 * Level 3.5 Maces & Flails
 + Level 4.0 Armour
 + Level 1.2 Dodging
 - Level 3.6 Shields


You couldn't memorise any spells.
You didn't know any spells.
Your spell library was empty.

Dungeon Overview and Level Annotations

Branches:
Dungeon (1/1)

Altars:


Innate Abilities, Weirdness & Mutations

You have a pair of horns on your head.
You reflexively headbutt those who attack you in melee.


Message History

No target in view!
No target in view!
You see here a bat corpse.
As you open the door, it creaks loudly!
An iguana, a worm, an adder, a hound and a centaur come into view.
The iguana hisses angrily.
The adder hisses angrily.
The hound barks!
The centaur shouts!
The centaur wields a +0 shortbow.
The centaur shoots an arrow.
The arrow hits you.
The centaur shoots an arrow.
The arrow hits you!
There are monsters nearby!
You are too injured to fight recklessly!
Unknown command.
The centaur unwields a +0 shortbow.
The centaur hits you.
The centaur kicks you but does no damage.
There is an open door here.
You hit the centaur.
The centaur is moderately wounded.
The centaur closely misses you. You furiously retaliate!
You headbutt the centaur!
The centaur kicks you but does no damage.
The centaur barely misses you.
The centaur kicks you but does no damage.
You hit the centaur but do no damage. Your headbutt misses the centaur.
The centaur is heavily wounded.
The centaur hits you. The centaur misses you. The centaur barely misses you. x2
You hit the centaur. You headbutt the centaur.
The centaur is almost dead.
The centaur hits you but does no damage.
The centaur barely misses you.
You hit the centaur but do no damage.
The centaur is severely wounded.
The centaur hits you.
The centaur kicks you but does no damage.
The centaur barely misses you. The centaur kicks you.
* * * LOW HITPOINT WARNING * * *
You barely miss the centaur.
You headbutt the centaur, but do no damage.
The centaur is severely wounded.
The centaur hits you.
You die...

▓+▓
▓l▓
▓w▓
▓S▓
▓h▓
▓c▓
▓@▓
▓.▓
▓.▓
▓.▓
▓.▓
▓†▓
▓†▓
▓.▓
▓.▓


You could see a centaur, a worm, an iguana, a hound and an adder.

Vanquished Creatures
  2 endoplasms (D)
  2 hobgoblins (D)
  A bat (D)
5 creatures vanquished.

Notes
Turn   | Place    | Note
-------+----------+-------------------------------------------
     0 | D        | 123456 the Minotaur Fighter began the quest for the Orb.
     0 | D        | Reached XP level 1. HP: 19/19 MP: 0/0
     7 | D        | Reached skill level 1 in Dodging
    18 | D        | Noticed an iguana
    18 | D        | Noticed a hound
    18 | D        | Noticed a centaur
    24 | D        | Slain by a centaur

Illustrated notes

Levels and vault maps discovered:
D:        linesprint [early_d, line_temple, items_1, d_10, items_2, lair_1,
          lair_end, items_3, orc_1, orc_end, items_4, d_15, swamp_1, shoals_1,
          snake_1, spider_1, d_20, vaults_1, items_5, swamp_end, shoals_end,
          snake_end, spider_end, vaults_end, d_27, items_6, zot_1, zot_end,
          crypt_end, forest_end, elf_end, slime_end, tomb_end, abyss_end,
          pan_hell_end]

Skill      XL: |  1 |
---------------+----+-----
Fighting       | 4 |  4.4
Maces & Flails | 3 |  3.5
Dodging        | 1 |  1.2
Armour         | 4 |  4.0
Shields        | |  3.6

Action                     || total
---------------------------++-------
  Melee: Flail             ||    13
         Headbutt          ||     3
 Armour: Scale mail        ||    10
  Dodge: Dodged            ||    12
  Block: Buckler           ||     3

Table legend: (Time is in decaauts)
 A = Elapsed time spent in this place.
 B = Non-inter-level travel time spent in this place.
 C = Inter-level travel time spent in this place.
 D = Time resting spent in this place.
 E = Time spent auto-exploring this place.
 F = Levels seen in this place.
 G = Mean time per level.
                   A        B        C        D        E       F      G
               +--------+--------+--------+--------+--------+-----+--------+
         Total |     27 |     27 |      0 |      0 |      8 |   1 |   27.0 |
       Dungeon |     27 |     27 |      0 |      0 |      8 |   1 |   27.0 |
               +--------+--------+--------+--------+--------+-----+--------+

Top non-repeatable levels by time:
       D: 27 daAuts
